[Event "16th Serbian-ch Women 2022"]
[Site "Bajina Basta"]
[Date "2022.12.13"]
[Round "8.5"]
[White "Bojicic, Andjela"]
[Black "Vujcic, Milena"]
[Result "1-0"]
[ECO "E73"]
[WhiteElo "2117"]
[BlackElo "2029"]
[Annotator "TA"]
[PlyCount "55"]
[EventDate "2022.12.06"]
[EventType "tourn"]
[EventCountry "SRB"]
[SourceTitle "playchess.com"]
[Source "ChessBase"]
[SourceQuality "1"]
[TimeControl "40/5400+30:1800+30"]

1. d4 Nf6 2. c4 g6 3. Nc3 Bg7 4. e4 d6 5. Be2 e5 6. d5 {[%emt 0:00:48] E73: King's Indian: Averbakh Variation without 6...c5.} a5 {[%emt 0:00:33] 6...Na6 gains popularity.} 7. Be3 Na6 8. h4 {[%emt 0:02:29] [#] White is slightly better.} h5 $146 ({Predecessor:} 8... Nc5 9. Bf3 h5 10. Nge2 Ng4 11. Bxc5 dxc5 12. Nc1 Bf6 13. g3 Be7 14. Nd3 Bd6 {0-1 (29) Sabrowski,U (2129)-Muse,D (2407) Berlin 2007}) 9. Qd2 Ng4 10. Bxg4 hxg4 11. O-O-O f5 {[%emt 0:01:31] White must now prevent ...f4.} 12. f4 Rxh4 {[%emt 0:14:48] [#]} (12... fxe4 $11 13. fxe5 Bxe5) 13. Nge2 $1 $16 {[%emt 0:17:17] Strongly threatening fxe5.} g5 14. Rxh4 (14. fxg5 Rxh1 15. Rxh1 f4 $17) (14. g3 $5 gxf4 15. gxf4 $11 (15. Rxh4 fxe3 16. Qxe3 f4 $11)) 14... gxh4 15. fxe5 Bxe5 (15... dxe5 $11 {remains equal.} 16. Bg5 Bf6 17. Bxf6 Qxf6) 16. Nd4 (16. exf5 {simplifies} h3 17. Bd4 Bxf5 18. Bxe5 dxe5 19. Ng3) 16... fxe4 $2 {[%emt 0:14:07][%mdl 8192] Black cannot hold the game after this.} ({Black should play} 16... f4 $14 17. Bxf4 Qf6 18. Bxe5 dxe5) 17. Bg5 $18 Qd7 18. Nxe4 {[%emt 0:11:59] aiming for Nf6+.} Qa4 (18... Qg7 $142 19. Qe3 (19. Bxh4 Bxd4 20. Qxd4 Qxd4 $16) 19... Kf7) 19. Qe2 (19. Bxh4 Qxc4+ 20. Nc3 Qxd4 21. Qxd4 Bxd4 22. Rxd4 Kf7 $11) 19... Qxa2 20. Nf6+ {[%emt 0:00:07] Pair of Knights!} (20. Bxh4 Nb4 21. Nc3 Qa1+ 22. Nb1 c5 $11) 20... Kf7 {[%emt 0:00:42] [#]} 21. Qc2 $1 {[%emt 0:01:45][%mdl 64] Threatening mate with Qh7+.} Bf4+ (21... Qa1+ 22. Kd2) 22. Bxf4 Kxf6 23. Qc3 (23. Bh6 $142 Qxc4 24. Qxc4 Kg6 25. Qc2+ Kxh6 26. Rf1 Kg5 27. Qh7 Nb4 28. Qg7+ Kh5 29. Rf6 Na2+ 30. Kd2 h3 31. Qh6#) 23... Kf7 24. Bg5 (24. Bh6 $142 Qa1+ 25. Kd2 Qxd1+ 26. Kxd1) 24... Nc5 25. Qc2 (25. Bxh4 Na4 26. Rf1+ Kg8 $11) 25... Kg7 {[%emt 0:01:23] Against Qh7+} 26. Re1 {[%emt 0:01:20] White threatens Re7+ and mate.} (26. Bxh4 Bd7 $11) 26... Bd7 27. Re7+ ({Inferior is} 27. Bxh4 Re8 28. Kd2 Rxe1 29. Bxe1 b5 $15) 27... Kf8 28. Qf2+ {[%emt 0:00:07] Weighted Error Value: White=0.51/Black=1.01} ({Worse is} 28. Bxh4 Qa1+ 29. Kd2 Re8 $11) 1-0

[Event "16th Serbian-ch Women 2022"]
[Site "Bajina Basta"]
[Date "2022.12.14"]
[Round "9.1"]
[White "Vujcic, Milena"]
[Black "Eric, Jovana"]
[Result "0-1"]
[ECO "B99"]
[WhiteElo "2029"]
[BlackElo "2245"]
[Annotator "TA"]
[PlyCount "74"]
[EventDate "2022.12.06"]
[EventType "tourn"]
[EventCountry "SRB"]
[SourceTitle "playchess.com"]
[Source "ChessBase"]
[SourceQuality "1"]
[TimeControl "40/5400+30:1800+30"]

1. e4 c5 2. Nf3 d6 3. d4 cxd4 4. Nxd4 Nf6 5. Nc3 a6 6. Bg5 e6 7. f4 Be7 8. Qf3 Qc7 9. O-O-O Nbd7 10. g4 h6 11. Bxf6 Bxf6 12. h4 Nb6 $1 {[%emt 0:00:41][%mdl 4] now scores much better than the old 12...Qb6. B99: Sicilian Najdorf: 6 Bg5 e6 7 f4 Be7 8 Qf3 Qc7 9 0-0-0 Nbd7.} 13. g5 (13. Be2 $5 ) 13... Bxd4 14. Rxd4 Qc5 {[%emt 0:00:05] White is slightly better.} 15. Rd2 Bd7 16. a3 O-O-O {[%emt 0:03:19] [#]} 17. Rd3 $146 ({Predecessor:} 17. Bd3 Bc6 18. Rg2 d5 19. e5 Nc4 20. gxh6 gxh6 21. Rg7 Nxa3 22. Rxf7 Nc4 23. Re1 Nxb2 24. Kxb2 d4 25. Be4 Qb4+ {0-1 (25) Kakabayaev,M (2285)-Suleymenov,A (2491) Delhi 2022}) 17... Kb8 18. Nb1 (18. Qg3 $142) 18... d5 19. b4 $2 {[%emt 0:08:10] [#] This costs White the game.} ({White should play} 19. Qe3 $15 Qxe3+ 20. Rxe3) 19... Qc7 $1 $19 {[%emt 0:03:44] Threatens to win with ...dxe4.} 20. Rc3 (20. e5 $142) 20... dxe4 21. Qf2 (21. Rxc7 $142 exf3 22. Rc3) 21... Bc6 {[%emt 0:03:11][%cal Oe4e3] Strongly threatening ...e3!} 22. b5 {[%emt 0:03:11] Inhibits e3.} (22. Bg2 $142) 22... axb5 23. Bxb5 Nd5 24. Bxc6 Nxc3 ({Weaker is} 24... bxc6 25. Rb3+ Kc8 26. Nc3 $17) 25. Nxc3 Qxc6 (25... bxc6 $2 {perishes.} 26. Kb2 $19) 26. Qe3 (26. Rh3 $142) 26... Rc8 27. Kb2 f5 28. gxf6 gxf6 29. Rh2 f5 30. a4 Rhg8 31. Nb5 {[%emt 0:01:14][%csl Gb5][%cal Re3a7] [#]} Qc5 {[%emt 0:00:36] Inhibits Qa7+.} 32. Qb3 e5 33. Rd2 Rgd8 34. Rxd8 Rxd8 35. fxe5 Qxe5+ 36. Ka2 e3 37. Qb4 Rc8 {[%emt 0:02:54] Weighted Error Value: White=1.04/Black=0.24 (precise)} (37... e2 $142 38. Qa5 Rd1 39. Qa7+ Kc8 40. Qa8+ Kd7 41. Qxb7+ Kd8 42. Qb6+ Ke7 43. Qf2 Qa1+ 44. Kb3 Rb1+ 45. Kc4 Qxa4+ 46. Kc3 e1=Q+ 47. Qxe1+ Rxe1 48. Kd2 Re4 49. c4 Qa2+ 50. Kc3 Qxc4+ 51. Kb2 Re2+ 52. Kb1 Qe4+ 53. Kc1 Qh1#) 0-1

[Event "16th Serbian-ch Women 2022"]
[Site "Bajina Basta"]
[Date "2022.12.14"]
[Round "9.2"]
[White "Chelushkina, Irina"]
[Black "Bojicic, Andjela"]
[Result "1/2-1/2"]
[ECO "B08"]
[WhiteElo "2173"]
[BlackElo "2117"]
[Annotator "TA"]
[PlyCount "34"]
[EventDate "2022.12.06"]
[EventType "tourn"]
[EventCountry "SRB"]
[SourceTitle "playchess.com"]
[Source "ChessBase"]
[SourceQuality "1"]
[TimeControl "40/5400+30:1800+30"]

1. e4 g6 2. d4 Bg7 3. Nc3 d6 4. Nf3 Nf6 5. Be2 O-O 6. O-O c6 7. a4 Qc7 8. Re1 Nbd7 9. h3 b6 {[%emt 0:00:06] B08: Pirc Defence: Classical System.} 10. Be3 Bb7 {[%emt 0:00:04] [#] A rather calm draw.} {Predecessor:} 11. Qd2 $146 Rfd8 12. Rad1 a6 13. Bh6 b5 14. Bxg7 Kxg7 15. axb5 cxb5 16. Bd3 e5 17. d5 Nc5 {1-0 (53) Niemann,H (2642)-Kushko,D (2302) Chess.com INT 2022} 1/2-1/2

[Event "16th Serbian-ch Women 2022"]
[Site "Bajina Basta"]
[Date "2022.12.14"]
[Round "9.3"]
[White "Gajcin, Marina"]
[Black "Dimitrijevic, Andjela"]
[Result "1-0"]
[ECO "B52"]
[WhiteElo "2219"]
[BlackElo "1993"]
[Annotator "TA"]
[PlyCount "101"]
[EventDate "2022.12.06"]
[EventType "tourn"]
[EventCountry "SRB"]
[SourceTitle "playchess.com"]
[Source "ChessBase"]
[SourceQuality "1"]
[TimeControl "40/5400+30:1800+30"]

1. e4 c5 2. Nf3 d6 3. Bb5+ Bd7 4. Bxd7+ Nxd7 5. c4 Ngf6 6. Nc3 g6 7. O-O Bg7 8. h3 {[%emt 0:00:26] B52: Sicilian: Moscow Variation with 3...Bd7.} O-O 9. d3 {[%emt 0:00:54] [#]} e6 $146 ({Predecessor:} 9... a6 10. Be3 Rb8 11. d4 cxd4 12. Nxd4 Rc8 13. Qe2 Qc7 14. Rac1 Qxc4 15. Nd5 Qxe2 16. Nxe7+ {½-½ (65) Yuan,Q (2373)-Wachinger,G (2215) Chess.com INT 2022}) 10. Bf4 {[%emt 0:16:49] The position is equal.} Ne8 11. Qd2 (11. Bg5 $5 Nef6 12. Qd2 $11) 11... Ne5 12. Nh2 Nc7 13. Bg5 f6 14. Be3 Nc6 15. Ne2 f5 16. f4 Qf6 17. Rab1 b6 18. Nf3 Rad8 19. Bf2 Rd7 20. Qe1 ({White should play} 20. Qd1 $11) 20... Re8 (20... e5 $15) 21. a3 $11 a5 22. Qd1 {[%emt 0:03:46] Threatening Qa4.} Qd8 23. Qa4 Qa8 24. Nc3 Rdd8 25. Bh4 {[%emt 0:02:26] [#] Strongly threatening exf5.} Rb8 26. Kh1 Qb7 27. Qd1 Nd4 28. a4 Na6 29. Nxd4 cxd4 30. Nb5 Qc6 31. exf5 exf5 32. Bf2 Nc5 33. Nxd4 Qxa4 34. Qf3 Qd7 35. Nb5 (35. b4 $14 axb4 36. Nc6) 35... Kh8 (35... d5 $11) 36. Qd5 (36. b4 $5 Ne6 37. bxa5 bxa5 38. g3 $14) 36... Rbd8 (36... Qe6 $11 {keeps the balance.}) 37. Bh4 Na6 {[%emt 0:00:53] Loses the game.} 38. Bxd8 $18 Rxd8 39. Rfe1 {[%emt 0:00:31][%cal Ob5d6] [#] aiming for Nxd6!} Nb4 40. Qf3 d5 41. Re2 d4 (41... Kg8 $142 42. Kh2 Bh6) 42. Rbe1 {[%emt 0:03:41] Hoping for Re7.} Bf6 {[%emt 0:01:03] Against Re7} (42... Bf8 {was necessary.} 43. Re6 Bc5) 43. Re6 Qg7 44. Re8+ Rxe8 45. Rxe8+ Qg8 46. Rxg8+ Kxg8 47. Nd6 (47. Qb7 $142 Kf8 48. Qxb6 Be7 49. Qxd4 Nc6 50. Qd7 Nb8 51. Qb7 a4 52. Qxb8+ Kf7 53. Qc8) 47... Bg7 48. Qa8+ {[%emt 0:00:25] White mates.} Bf8 49. Qe8 Nxd3 50. Qf7+ Kh8 51. Qxf8# {[%emt 0:00:03] Weighted Error Value: White=0.12 (very precise) /Black=0.58} 1-0

[Event "16th Serbian-ch Women 2022"]
[Site "Bajina Basta"]
[Date "2022.12.14"]
[Round "9.4"]
[White "Manakova, Maria"]
[Black "Grozdanovic, Anastasia"]
[Result "1/2-1/2"]
[ECO "D12"]
[WhiteElo "2160"]
[BlackElo "1870"]
[Annotator "TA"]
[PlyCount "117"]
[EventDate "2022.12.06"]
[EventType "tourn"]
[EventCountry "SRB"]
[SourceTitle "playchess.com"]
[Source "ChessBase"]
[SourceQuality "1"]
[TimeControl "40/5400+30:1800+30"]

1. d4 d5 2. Nf3 Nf6 3. e3 Bf5 4. c4 c6 5. Nbd2 h6 6. cxd5 {[%emt 0:03:34] D12: Slav Defence: 3 Nf3 Nf6 4 e3 Bf5.} cxd5 {[%emt 0:00:46] [#]} 7. Qa4+ $146 (7. Ne5 $5 ) ({Predecessor:} 7. Qb3 Qb6 8. Qxb6 axb6 9. Ne5 Nfd7 10. Bd3 Bxd3 11. Nxd3 {½-½ (53) Burger,H (2060)-Roeder,G (2095) Berlin 2012}) 7... Nc6 (7... Nbd7 {simplifies} 8. Qb3 Qc7 9. Bd3 Bxd3 10. Qxd3 Rc8) 8. Ne5 Qb6 9. Bb5 Rc8 10. Nb3 a6 11. Bxc6+ bxc6 12. Nc5 (12. Bd2 $14) 12... e6 (12... Ne4 {with more complications.} 13. b4 f6 14. Ned3 e5) 13. Qxa6 Qc7 (13... Qxa6 $14 14. Nxa6 Bd6) 14. Ncd3 {[%emt 0:23:55] Pair of Knights!} (14. Bd2 $1 $16) 14... Bd6 $11 {[%emt 0:05:51] Threatens to win with ...0-0.} 15. Bd2 O-O {[%emt 0:03:08] Hoping for ...Ra8.} 16. Qa5 (16. Rc1 {keeps more tension.} c5 17. Nxc5 Ra8 18. Qb7) 16... Qb7 17. f3 {[%emt 0:19:44] Inhibits Ne4.} Bxe5 (17... Nh7 $11 18. Nc5 Bxc5 19. Qxc5 f6) 18. Nxe5 $14 Qxb2 19. Qc3 Qb7 20. Qb4 (20. O-O {simplifies} Nd7 21. Nxd7 Qxd7 22. Rfc1) 20... Qa6 21. Qc5 Qb7 (21... Rc7 $11) 22. O-O $16 Nd7 23. Qe7 f6 24. Qxd7 {[%emt 0:04:23] White is much more active.} (24. Nxd7 {simplifies} Rf7 25. Nxf6+ gxf6 26. Qd6) 24... Rc7 25. Qd6 {[%emt 0:00:17][%cal Oe3e4] Black must now prevent e4!} fxe5 26. Qxe5 Rcf7 27. Bc3 {[%emt 0:01:57] Prevents Qb2.} Qd7 28. Bb4 $36 {[%emt 0:00:18][%mdl 2048] Black is under strong pressure.} Ra8 29. e4 Bh7 (29... Bg6 $142) 30. a3 Rf6 31. Bc5 Qf7 (31... Bg6 $16 {might work better.} 32. Rfb1 dxe4) 32. Rab1 $1 $18 {[%emt 0:00:05] Rb8+ is the strong threat.} Bg6 {[%emt 0:00:49] [#]} 33. Rb8+ $1 Rxb8 34. Qxb8+ Kh7 {[%emt 0:00:20] [#]} 35. e5 Rf4 36. a4 Bd3 37. Rf2 Qg6 38. Qb2 Rf7 39. a5 Bb5 40. Bb6 Kh8 41. Qc2 Qg5 42. Qd2 Qf5 {[%emt 0:03:40] ( -> ...Qb1+)} 43. h3 Qb1+ 44. Kh2 Rf8 45. Bc5 Rf5 (45... Rf7 $16 46. Qa2 Qxa2 47. Rxa2 Ba6) 46. Qa2 Qd3 47. Rb2 {[%emt 0:01:02][%cal Ob2b5] Strongly threatening Rxb5!} Bc4 48. Qb1 Qe3 49. Rb8+ Kh7 50. Kh1 Be2 $2 (50... Qe2 51. Rb2 Qe3) 51. Rb3 Qf4 52. Ra3 $2 (52. Qc2 Bf1 53. g4) 52... Ba6 53. g4 $2 (53. Ra2 $18) 53... Be2 $1 $11 {[%emt 0:01:00][%mdl 64] The position is equal.} 54. gxf5 Bxf3+ 55. Rxf3 Qxf3+ 56. Kh2 Qf2+ 57. Kh1 Qf3+ 58. Kh2 Qf2+ 59. Kh1 {[%emt 0:00:03] Black defended with fortune.   Weighted Error Value: White=0.29 (precise) /Black=0.20 (precise)} 1/2-1/2

[Event "16th Serbian-ch Women 2022"]
[Site "Bajina Basta"]
[Date "2022.12.14"]
[Round "9.5"]
[White "Drljevic, Ljilja"]
[Black "Srdanovic, Jovana"]
[Result "1-0"]
[ECO "B24"]
[WhiteElo "2175"]
[BlackElo "2189"]
[Annotator "TA"]
[PlyCount "115"]
[EventDate "2022.12.06"]
[EventType "tourn"]
[EventCountry "SRB"]
[SourceTitle "playchess.com"]
[Source "ChessBase"]
[SourceQuality "1"]
[TimeControl "40/5400+30:1800+30"]

1. e4 c5 2. Nc3 e6 3. g3 Nc6 4. Bg2 Nf6 5. Nge2 Be7 6. O-O O-O 7. h3 {[%emt 0:05:47] B24: Closed Sicilian: 3 g3 sidelines.} Rb8 8. d4 cxd4 9. Nxd4 {[%emt 0:00:13] The position is equal.} d6 10. a4 a6 11. Nb3 b6 {[%emt 0:00:00] [#]} 12. Be3 $146 ({Predecessor:} 12. f4 Qc7 13. Be3 Rd8 14. Qe2 Bb7 15. Rad1 Nd7 16. g4 Nc5 17. Nd4 Nb4 18. g5 {0-1 (34) Berta,T (2190)-Lantos,L Hungary 1997}) 12... Bb7 13. Qe2 Qc7 14. f4 Na5 15. Nd2 Rfc8 16. Qf2 Ba8 17. Rfe1 Nd7 18. Bf1 Bb7 19. g4 Bf6 20. Ra3 Qd8 21. g5 Bxc3 22. bxc3 d5 ({Black should play} 22... f6 $11) 23. Bd4 (23. exd5 $14 exd5 24. Bd4) 23... Nc5 24. exd5 Qxd5 25. Kh2 Rd8 26. Raa1 Bc6 (26... e5 27. Rxe5 Qh1+ 28. Kg3 $16) 27. Bg2 Qf5 $40 {[%emt 0:00:15][%mdl 128] Black attacks.} (27... Qxg2+ {simplifies} 28. Qxg2 Bxg2 29. Kxg2 Rbc8) 28. Nf1 Bxg2 (28... Bxa4 $2 29. Ne3 Qg6 30. Bxc5 $18) 29. Kxg2 Nc6 30. Bxc5 bxc5 31. Rab1 (31. Ne3 $11 Qg6 32. Kh2) 31... Rxb1 $17 32. Rxb1 Qe4+ 33. Kg3 e5 ({Better is} 33... Ne7 $17 {Strongly threatening ...Ng6.} 34. Ne3 Ng6) 34. Rb6 $2 {[%emt 0:01:52] [#]} (34. f5 $15) 34... Ne7 $1 $19 (34... Qxa4 35. Ne3 $15) 35. Ne3 (35. fxe5 {was forced.} Qxe5+ 36. Kg2) 35... Ng6 (35... Qxa4 36. f5 $17) 36. Ng2 Qf5 (36... Qxa4 37. f5 Nf4 38. Nxf4 exf4+ 39. Qxf4 Qxc2 40. Rb8 Qxc3+ 41. Kg4 $17) 37. h4 exf4+ 38. Nxf4 Ne5 ({Weaker is} 38... Nxf4 39. Qxf4 Qxc2 40. Qd6 Qxc3+ 41. Kg2 Qc2+ 42. Kg3 Qd3+ 43. Qxd3 Rxd3+ 44. Kf2 $15) (38... Qe5 $19 {White must now prevent ...Rd1.} 39. Rc6 Qxc3+ 40. Nd3 Qc4) 39. Qe2 $17 {[%emt 0:00:41][%cal Of4d5] Inhibits Rd1.} a5 (39... h6 $1 $17 40. gxh6 g5) 40. Rb5 (40. Nd5 $11 Kf8 41. c4) 40... Nc6 (40... h6 $17 41. gxh6 g5 42. h7+ Kh8) 41. Nd3 $11 h6 42. Qf3 Qxf3+ (42... Qe6 $11) 43. Kxf3 {[%emt 0:00:03][%mdl 4096] Endgame KRN-KRN} c4 44. Ne5 (44. Nf4 $16) 44... Nxe5+ 45. Rxe5 {[%emt 0:00:02] KR-KR} Rd2 $1 46. Ke3 Rxc2 47. Kd4 {[%emt 0:00:29] And now gxh6 would win.} Rh2 48. Kxc4 Rxh4+ 49. Kb5 {[%emt 0:00:24] aiming for c4.} Rh5 $2 {[%emt 0:06:55][%mdl 8192] Inhibits c4.} (49... hxg5 $14 50. Rxg5 f6) 50. c4 $1 $18 f6 {[%emt 0:03:37] Against c5} 51. Rd5 Kf8 52. Kxa5 hxg5 53. Kb6 $2 (53. c5 $18 {is the precise move to win.}) 53... Rh4 $16 {[%emt 0:01:13] [#]} 54. c5 $2 ({Much less strong is} 54. a5 $6 Rxc4 55. a6 Kf7 $14) (54. Kb5 $1 $18 {Threatens to win with c5.} g4 55. c5 (55. a5 Rh3 $16)) 54... Rb4+ $2 (54... Rxa4 $11 55. c6 Ke7) 55. Ka5 $18 Rb8 56. c6 {[%emt 0:00:13][%cal Bc5c6,Bc6c7][%mdl 32] White mates.} Ke7 57. c7 Ra8+ 58. Kb6 {[%emt 0:00:20] White used his chance.   Weighted Error Value: White=0.41/Black=0.36} 1-0